[Event "Rated Blitz game"]
[Site "?"]
[Date "2021.07.18"]
[Round "?"]
[White "Salvaged_Dirt"]
[Black "YaYestGrut"]
[Result "1-0"]
[ECO "C42"]
[WhiteElo "2534"]
[BlackElo "2493"]
[PlyCount "141"]
[EventDate "2021.??.??"]
[EventType "blitz"]
[TimeControl "180"]

1. e4 e5 2. Nf3 Nf6 3. Nxe5 d6 4. Nxf7 Kxf7 5. d4 c5 6. Nc3 Be6 7. dxc5 Nc6 8.
cxd6 Qxd6 9. Bg5 Qb4 10. Bxf6 gxf6 11. Qh5+ Kg7 12. O-O-O Qc5 13. Qh4 Qg5+ 14.
Qxg5+ fxg5 15. h4 gxh4 16. f4 Bg4 17. Rd5 Be7 18. Bd3 Rad8 19. Rb5 b6 20. Nd5
Bc5 21. Rxh4 h5 22. b4 Bf2 23. Rh1 Nd4 24. a4 Nxb5 25. axb5 Rxd5 26. exd5 Be3+
27. Kb2 Bxf4 28. c4 Re8 29. c5 Re3 30. Kc2 Re5 31. Bc4 Bf5+ 32. Kc3 Re3+ 33.
Kd4 Re4+ 34. Kc3 Be5+ 35. Kb3 Re3+ 36. Ka2 Rc3 37. cxb6 axb6 38. Bb3 Rg3 39.
Rxh5 Rxg2+ 40. Ka3 Kg6 41. Rh1 Bd6 42. Rh4 Be5 43. d6 Rg1 44. Rc4 Ra1+ 45. Ba2
Bxd6 46. Rc6 Rd1 47. Bb3 Kf6 48. Bxd1 Ke5 49. Bb3 Bd3 50. Rxb6 Bc7 51. Rb7 Bd6
52. b6 Be4 53. Rd7 Bc6 54. b7 Bxb7 55. Rxb7 Be7 56. Rb5+ Kd4 57. Rd5+ Ke3 58.
Ka4 Bf6 59. b5 Bd4 60. b6 Bc3 61. Re5+ Bxe5 62. b7 Bb8 63. Kb5 Bc7 64. Kc6 Bb8
65. Ba4 Ba7 66. Bb5 Bb8 67. Kd7 Ba7 68. Kc8 Bb8 69. Kxb8 Kd4 70. Kc7 Kc5 71.
b8=Q {Time forfeit} 1-0

[Event "Rated Blitz tournament 7USg9hAP"]
[Site "?"]
[Date "2021.07.17"]
[Round "?"]
[White "Bocharov-Ivan"]
[Black "Alex--omsk"]
[Result "1-0"]
[ECO "C42"]
[WhiteElo "2563"]
[BlackElo "2286"]
[PlyCount "35"]
[EventDate "2021.??.??"]
[EventType "blitz"]
[TimeControl "180+2"]

1. e4 e5 2. Nf3 Nf6 3. Nxe5 d6 4. Nxf7 Kxf7 5. d4 Be7 6. Nc3 Re8 7. Bc4+ Be6 8.
Bxe6+ Kxe6 9. f4 Kf7 10. O-O Kg8 11. Qf3 Nc6 12. Be3 Qd7 13. h3 Rad8 14. Rad1
Bf8 15. e5 Qf5 16. exf6 Qxf6 17. Nd5 Qf7 18. f5 {Normal} 1-0

[Event "Rated Blitz tournament Tsg4h2PI"]
[Site "?"]
[Date "2021.07.17"]
[Round "?"]
[White "Saparmyrat"]
[Black "Mixer_BKD"]
[Result "0-1"]
[ECO "C42"]
[WhiteElo "2672"]
[BlackElo "2513"]
[PlyCount "115"]
[EventDate "2021.??.??"]
[EventType "blitz"]
[TimeControl "180"]

1. e4 e5 2. Nf3 Nf6 3. Nxe5 d6 4. Nxf7 Kxf7 5. Nc3 g6 6. d4 Bg7 7. Bc4+ Be6 8.
Bxe6+ Kxe6 9. f4 Kf7 10. e5 Nc6 11. exf6 Bxf6 12. Ne2 Qe7 13. O-O Rae8 14. Rf2
Rhf8 15. c3 Kg8 16. Bd2 Kh8 17. Ng3 Bh4 18. Qf3 Qf7 19. Qg4 Bxg3 20. Qxg3 Ne7
21. Qf3 d5 22. Re2 c6 23. Rae1 Nf5 24. Rxe8 Rxe8 25. Re5 Nd6 26. Qg4 Nc4 27.
Re2 h5 28. Qf3 Nxb2 29. f5 Rxe2 30. Qxe2 Nc4 31. fxg6 Qxg6 32. Bf4 Qf7 33. Be5+
Kh7 34. Qd3+ Qg6 35. Qf1 Ne3 36. Qe2 Qb1+ 37. Kf2 Ng4+ 38. Kg3 Qg6 39. Kh4 Nh6
40. Qxh5 Qxg2 41. Bf4 Qf2+ 42. Bg3 Qf6+ 43. Kh3 Qe6+ 44. Kg2 Qe4+ 45. Kf2 Qc2+
46. Qe2 Ng4+ 47. Kf3 Qf5+ 48. Kg2 Nf6 49. Qe7+ Kg6 50. Qe5 Qc2+ 51. Kh3 Qd1 52.
Bh4 Qf1+ 53. Kg3 Ne4+ 54. Kg4 Qg2+ 55. Kf4 Qxh2+ 56. Ke3 Qh3+ 57. Kf4 Qxh4+ 58.
Ke3 {Normal} 0-1

[Event "Rated Blitz game"]
[Site "?"]
[Date "2021.07.17"]
[Round "?"]
[White "Rofachess"]
[Black "Beletko"]
[Result "0-1"]
[ECO "C42"]
[WhiteElo "2320"]
[BlackElo "2430"]
[PlyCount "86"]
[EventDate "2021.??.??"]
[EventType "blitz"]
[TimeControl "180"]

1. e4 e5 2. Nf3 Nf6 3. Nxe5 d6 4. Nxf7 Kxf7 5. Bc4+ d5 6. exd5 Bd6 7. O-O Rf8
8. d4 Kg8 9. Bb3 b5 10. a4 bxa4 11. Rxa4 Qe8 12. c4 Bg4 13. f3 Qh5 14. h3 Bxh3
15. gxh3 Qxh3 16. Qe2 Qh4 17. c5 Bg3 18. Nc3 Ng4 19. Ne4 Nh2 20. d6+ Kh8 21.
Nxg3 Qxg3+ 22. Qg2 Nxf1 23. Qxg3 Nxg3 24. Kg2 Ne2 25. Be3 cxd6 26. cxd6 Nd7 27.
Bc4 Nb6 28. Rb4 Nxc4 29. Rxc4 Rac8 30. Rc6 Rxc6 31. d7 Rd6 32. Kf2 Nxd4 33. f4
Rxd7 34. b4 a6 35. Bc1 Ne6 36. Kf3 Nxf4 37. Bb2 Nd3+ 38. Kg4 Nxb2 39. b5 axb5
40. Kg3 Rd6 41. Kg2 Rg6+ 42. Kh2 Rf5 43. Kh3 Rh5# {Normal} 0-1

[Event "Rated Blitz game"]
[Site "?"]
[Date "2021.07.16"]
[Round "?"]
[White "BBBower"]
[Black "FollowinADistantStar"]
[Result "0-1"]
[ECO "C42"]
[WhiteElo "2409"]
[BlackElo "2287"]
[PlyCount "108"]
[EventDate "2021.??.??"]
[EventType "blitz"]
[TimeControl "180"]

1. e4 e5 2. Nf3 Nf6 3. Nxe5 d6 4. Nxf7 Kxf7 5. d4 Be6 6. d5 Bg4 7. f3 Bh5 8.
Bc4 Nxe4 9. O-O Nf6 10. Bg5 Be7 11. Nd2 Rf8 12. Ne4 Kg8 13. Ng3 Bg6 14. Re1
Nbd7 15. a4 a5 16. c3 Bf7 17. b4 Re8 18. Nf5 Bf8 19. Qd4 Rxe1+ 20. Rxe1 axb4
21. cxb4 Rxa4 22. Qc3 Ra8 23. h4 h6 24. Bd2 Nxd5 25. Bxd5 Bxd5 26. Re7 Bf7 27.
Rxf7 Kxf7 28. Qc4+ Kg6 29. Qe4 Ra1+ 30. Kh2 d5 31. Qc2 Kf7 32. h5 Kg8 33. Bxh6
gxh6 34. Qd3 c6 35. Kg3 Qg5+ 36. Kf2 Bxb4 37. Ne7+ Qxe7 38. Qg6+ Qg7 39. Qe8+
Kh7 40. g4 Bc5+ 41. Kg3 Ne5 42. Qe6 Bb6 43. Qf5+ Kh8 44. Qc8+ Qg8 45. Qf5 Bc7
46. Qf6+ Qg7 47. Qe6 Nf7+ 48. Kh3 Ng5+ 49. Kg2 Nxe6 50. Kf2 Qg5 51. f4 Qxf4+
52. Ke2 Qe4+ 53. Kd2 Ra2+ 54. Kc1 Qc2# {Normal} 0-1

[Event "Rated Blitz game"]
[Site "?"]
[Date "2021.07.16"]
[Round "?"]
[White "Yuskachess"]
[Black "Zarman67"]
[Result "0-1"]
[ECO "C42"]
[WhiteElo "2450"]
[BlackElo "2274"]
[PlyCount "62"]
[EventDate "2021.??.??"]
[EventType "blitz"]
[TimeControl "300"]

1. e4 e5 2. Nf3 Nf6 3. Nxe5 d6 4. Nxf7 Kxf7 5. Nc3 c5 6. Bc4+ Be6 7. Bxe6+ Kxe6
8. d4 cxd4 9. Qxd4 Nc6 10. Qc4+ Kd7 11. Bf4 Qa5 12. O-O-O Rd8 13. Rhe1 Kc8 14.
e5 dxe5 15. Rxd8+ Kxd8 16. Rd1+ Ke8 17. Qe6+ Be7 18. Qc8+ Nd8 19. Be3 Kf7 20.
Qc4+ Ne6 21. Nd5 Rd8 22. b4 Qa3+ 23. Kb1 Nxd5 24. Rxd5 Qxb4+ 25. Qxb4 Bxb4 26.
Rb5 a5 27. Rxb7+ Kf6 28. Kb2 h5 29. a3 Be1 30. Rb5 Rc8 31. Rxa5 Bxa5 {Normal}
0-1

[Event "Rated Blitz game"]
[Site "?"]
[Date "2021.07.16"]
[Round "?"]
[White "Dmitry_Gritsenko"]
[Black "Ihsan_Kilic"]
[Result "1-0"]
[ECO "C42"]
[WhiteElo "2463"]
[BlackElo "2469"]
[PlyCount "131"]
[EventDate "2021.??.??"]
[EventType "blitz"]
[TimeControl "180"]

1. e4 e5 2. Nf3 Nf6 3. Nxe5 d6 4. Nxf7 Kxf7 5. d4 g6 6. Nc3 c6 7. Bd3 Bg7 8.
O-O Re8 9. f4 Kg8 10. h3 Na6 11. a3 Nc7 12. Qf3 Rf8 13. Qg3 Bd7 14. Kh1 Qe8 15.
Bd2 Nh5 16. Qf2 Nxf4 17. Bxf4 Ne6 18. Qg3 Bxd4 19. Bxd6 Rxf1+ 20. Rxf1 c5 21.
Nd5 Bg7 22. e5 Nd4 23. Nf6+ Bxf6 24. exf6 Be6 25. Be5 Bf7 26. c3 Nc6 27. Bd6 b6
28. Re1 Qd7 29. Be4 Rd8 30. Bf4 Re8 31. Bf3 Rxe1+ 32. Qxe1 Nd8 33. Qe7 Qxe7 34.
fxe7 Ne6 35. Bd6 Be8 36. Bd5 Kf7 37. Kg1 Kf6 38. Kf2 g5 39. Kf3 h5 40. Ke4 Bg6+
41. Ke3 Be8 42. Kd3 Nf4+ 43. Bxf4 gxf4 44. Ke4 Kxe7 45. Kxf4 Kd6 46. Bf3 b5 47.
b4 cxb4 48. cxb4 a6 49. Bb7 Kc7 50. Bf3 Kd6 51. Kg5 Ke5 52. Bxh5 Bc6 53. Bf3
Bxf3 54. gxf3 Kd4 55. f4 Kc3 56. f5 Kb3 57. f6 Kxa3 58. f7 Kxb4 59. f8=Q+ Ka4
60. h4 b4 61. h5 a5 62. Qb8 b3 63. h6 Ka3 64. h7 b2 65. h8=Q a4 66. Qb4+ {
Time forfeit} 1-0

[Event "Rated Blitz tournament 323recdF"]
[Site "?"]
[Date "2021.07.16"]
[Round "?"]
[White "Saparmyrat"]
[Black "gogotaniye"]
[Result "1-0"]
[ECO "C42"]
[WhiteElo "2653"]
[BlackElo "2660"]
[PlyCount "43"]
[EventDate "2021.??.??"]
[EventType "blitz"]
[TimeControl "300"]

1. e4 e5 2. Nf3 Nf6 3. Nxe5 d6 4. Nxf7 Kxf7 5. Nc3 c5 6. Bc4+ Be6 7. Bxe6+ Kxe6
8. d4 cxd4 9. Qxd4 Nc6 10. Qc4+ Kd7 11. Bg5 Be7 12. O-O-O Rc8 13. f4 Kc7 14. e5
Ne8 15. exd6+ Nxd6 16. Rxd6 Kxd6 17. Nb5+ Kd7 18. Rd1+ Ke8 19. Rxd8+ Rxd8 20.
Qe6 Rd7 21. Bxe7 Rxe7 22. Nd6+ {Normal} 1-0

[Event "Rated Blitz game"]
[Site "?"]
[Date "2021.07.15"]
[Round "?"]
[White "ajc54"]
[Black "compte_galere"]
[Result "0-1"]
[ECO "C42"]
[WhiteElo "2340"]
[BlackElo "2484"]
[PlyCount "36"]
[EventDate "2021.??.??"]
[EventType "blitz"]
[TimeControl "180"]

1. e4 e5 2. Nf3 Nf6 3. Nxe5 d6 4. Nxf7 Kxf7 5. d4 c5 6. dxc5 d5 7. Nc3 Bxc5 8.
exd5 Re8+ 9. Be2 Bg4 10. f3 Bf5 11. Bg5 h6 12. Bh4 Nbd7 13. Rf1 Qb6 14. Na4
Qb4+ 15. c3 Qxh4+ 16. g3 Qxh2 17. Nxc5 Nxc5 18. Qd4 Qxe2# {Normal} 0-1

[Event "Rated Blitz game"]
[Site "?"]
[Date "2021.07.15"]
[Round "?"]
[White "Xonkeldi33"]
[Black "compte_galere"]
[Result "0-1"]
[ECO "C42"]
[WhiteElo "2379"]
[BlackElo "2522"]
[PlyCount "104"]
[EventDate "2021.??.??"]
[EventType "blitz"]
[TimeControl "180"]

1. e4 e5 2. Nf3 Nf6 3. Nxe5 d6 4. Nxf7 Kxf7 5. d4 c5 6. Bc4+ Be6 7. Bxe6+ Kxe6
8. O-O cxd4 9. f4 Nc6 10. c3 Qb6 11. Kh1 Be7 12. cxd4 Qxd4 13. Qb3+ d5 14.
exd5+ Qxd5 15. Re1+ Kf7 16. Qxb7 Rab8 17. Qa6 Rhe8 18. Nc3 Qd7 19. Qc4+ Kf8 20.
Be3 Bb4 21. Rad1 Qc7 22. a3 Be7 23. Bd4 Rbc8 24. Bg1 Nd8 25. Qd3 Nf7 26. Bd4
Rcd8 27. Qb5 Qxf4 28. Bxf6 Qxf6 29. Nd5 Qd6 30. Qe2 Bf6 31. Nxf6 Rxe2 32. Nxh7+
Kg8 33. Nf6+ gxf6 34. Rc1 Rxe1+ 35. Rxe1 Qd1 36. Rg1 Rd2 37. h3 Qe2 38. Kh2 Rd1
39. Rxd1 Qxd1 40. Kg3 Qd2 41. Kf3 Qd3+ 42. Kf4 Qc4+ 43. Kf5 Qc5+ 44. Kf4 Qc6
45. Ke3 Qc5+ 46. Kd2 Qd6+ 47. Kc2 Qe6 48. b4 Qe5 49. b5 Qe6 50. b6 Qf5+ 51. Kb3
Qe5 52. Ka4 axb6 {Time forfeit} 0-1

[Event "Rated Blitz game"]
[Site "?"]
[Date "2021.07.15"]
[Round "?"]
[White "davekoenig"]
[Black "Colmen"]
[Result "1-0"]
[ECO "C42"]
[WhiteElo "2360"]
[BlackElo "2515"]
[PlyCount "115"]
[EventDate "2021.??.??"]
[EventType "blitz"]
[TimeControl "180+2"]

1. e4 e5 2. Nf3 Nf6 3. Nxe5 d6 4. Nxf7 Kxf7 5. Nc3 c6 6. d4 Be7 7. Bc4+ Be6 8.
Bxe6+ Kxe6 9. f4 Kf7 10. e5 dxe5 11. fxe5 Rf8 12. O-O Kg8 13. exf6 Bxf6 14. Be3
Nd7 15. Ne4 Re8 16. Nxf6+ Nxf6 17. Qd3 Nd5 18. Bd2 b5 19. a4 a6 20. c4 bxc4 21.
Qxc4 Qd7 22. Rac1 Re6 23. Rf3 Kh8 24. Rh3 Nf6 25. Bf4 Qd5 26. Be5 Qxc4 27. Rxc4
Kg8 28. Rhc3 Rc8 29. Bxf6 Rxf6 30. h3 Rd6 31. b4 Kf7 32. b5 axb5 33. axb5 Ke6
34. bxc6 Kd5 35. Kf2 Rc7 36. Ke3 Rg6 37. g4 Kd6 38. Rc5 Re6+ 39. Kd3 Rf6 40.
Re5 Rf1 41. Re2 Rd1+ 42. Rd2 Re1 43. Rc5 Rxc6 44. Rxc6+ Kxc6 45. Rf2 Rh1 46.
Rf3 Kd5 47. Rf5+ Kd6 48. Rh5 h6 49. Ke4 Rf1 50. Ra5 Rh1 51. Ra6+ Ke7 52. Ra3
Re1+ 53. Kf5 Rd1 54. Kg6 Rxd4 55. Kxg7 Rd6 56. Re3+ Kd8 57. Re5 Kd7 58. Rh5 {
Normal} 1-0

[Event "Rated Blitz tournament FRfALweL"]
[Site "?"]
[Date "2021.07.15"]
[Round "?"]
[White "HpRmDrNsT"]
[Black "Isoceles"]
[Result "0-1"]
[ECO "C42"]
[WhiteElo "2304"]
[BlackElo "2451"]
[PlyCount "73"]
[EventDate "2021.??.??"]
[EventType "blitz"]
[TimeControl "180"]

1. e4 e5 2. Nf3 Nf6 3. Nxe5 d6 4. Nxf7 Kxf7 5. d4 c5 6. Nc3 cxd4 7. Qxd4 Nc6 8.
Qe3 Be7 9. Bc4+ Be6 10. Bxe6+ Kxe6 11. O-O Re8 12. b3 Kf7 13. Bb2 Kg8 14. Rad1
Qa5 15. Kh1 Rad8 16. f4 Bf8 17. Qf3 Qh5 18. Rde1 Qxf3 19. Rxf3 b5 20. a3 a5 21.
Nxb5 Rxe4 22. Rfe3 Rxf4 23. Nc7 Ng4 24. Rg3 Rd7 25. Nd5 Rf5 26. c4 Nge5 27. b4
axb4 28. axb4 Rdf7 29. h3 Nxc4 30. Nf6+ R5xf6 31. Bxf6 Rxf6 32. b5 N6e5 33. Rb1
Nb6 34. Ra3 Nec4 35. Ra7 d5 36. Rd1 h6 37. Rb7 {Normal} 0-1

[Event "Rated Blitz game"]
[Site "?"]
[Date "2021.07.15"]
[Round "?"]
[White "peaudepaillator"]
[Black "YaYestGrut"]
[Result "1-0"]
[ECO "C42"]
[WhiteElo "2562"]
[BlackElo "2534"]
[PlyCount "87"]
[EventDate "2021.??.??"]
[EventType "blitz"]
[TimeControl "180"]

1. e4 e5 2. Nf3 Nf6 3. Nxe5 d6 4. Nxf7 Kxf7 5. Nc3 c5 6. d4 Be6 7. d5 Bc8 8.
Be2 Nbd7 9. O-O Be7 10. f4 Rf8 11. g4 Kg8 12. g5 Ne8 13. Be3 a6 14. a4 Rb8 15.
a5 b5 16. axb6 Nxb6 17. h4 Nc7 18. Rf2 Bd7 19. f5 Nb5 20. Rxa6 Nxc3 21. bxc3
Qe8 22. c4 Bd8 23. Bd3 Bc8 24. Ra7 Rb7 25. Qa1 Rxa7 26. Qxa7 Bxf5 27. Bxc5 dxc5
28. exf5 Qe1+ 29. Kg2 Qe5 30. Qb7 Bc7 31. Qc6 Qh2+ 32. Kf1 Qh1+ 33. Ke2 Qxh4
34. g6 hxg6 35. Qe6+ Kh8 36. Qxg6 Nxc4 37. f6 gxf6 38. Rg2 Bg3 39. Rxg3 Qh2+
40. Rg2 Qe5+ 41. Qe4 Qxe4+ 42. Bxe4 Nd6 43. Kd3 Re8 44. Rh2+ {Time forfeit} 1-0

[Event "Rated Blitz game"]
[Site "?"]
[Date "2021.07.15"]
[Round "?"]
[White "KK042"]
[Black "Mohnnudeln"]
[Result "1/2-1/2"]
[ECO "C42"]
[WhiteElo "2484"]
[BlackElo "2508"]
[PlyCount "54"]
[EventDate "2021.??.??"]
[EventType "blitz"]
[TimeControl "180"]

1. e4 e5 2. Nf3 Nf6 3. Nxe5 d6 4. Nxf7 Kxf7 5. Nc3 c5 6. Bc4+ Be6 7. Qe2 Nc6 8.
O-O Qd7 9. Bxe6+ Qxe6 10. f4 Re8 11. d3 g6 12. h3 Bg7 13. g4 Rhf8 14. f5 Qe5
15. Bf4 Qd4+ 16. Kh1 Kg8 17. g5 Nh5 18. f6 Nxf4 19. Rxf4 Bxf6 20. gxf6 Rxf6 21.
Rxf6 Qxf6 22. Rf1 Qe6 23. Qf2 Qxh3+ 24. Kg1 Qg4+ 25. Kh1 Qh3+ 26. Kg1 Qg4+ 27.
Kh1 Qh3+ {Normal} 1/2-1/2

[Event "Rated Blitz game"]
[Site "?"]
[Date "2021.07.14"]
[Round "?"]
[White "Schach_du_Nase"]
[Black "adnansendur"]
[Result "1-0"]
[ECO "C42"]
[WhiteElo "2470"]
[BlackElo "2471"]
[PlyCount "119"]
[EventDate "2021.??.??"]
[EventType "blitz"]
[TimeControl "180"]

1. e4 e5 2. Nf3 Nf6 3. Nxe5 d6 4. Nxf7 Kxf7 5. d4 Qe8 6. Nc3 c5 7. Be3 cxd4 8.
Bxd4 Be7 9. Bc4+ Be6 10. Qe2 Qc8 11. Bb3 Nc6 12. O-O-O Nxd4 13. Rxd4 Bxb3 14.
axb3 Qe6 15. h3 Rhc8 16. f4 Kg8 17. g4 a6 18. Rhd1 Rc6 19. g5 Nd7 20. h4 Bf8
21. Qd3 Re8 22. Kb1 Nc5 23. Qf3 Qf7 24. b4 Ne6 25. f5 Nxd4 26. Rxd4 Rc4 27. Qd3
Rxd4 28. Qxd4 g6 29. f6 Qe6 30. b3 Kf7 31. Qb6 Qd7 32. Qd4 Qc6 33. Nd5 Re5 34.
c4 Qd7 35. Kb2 Qe6 36. Nc3 Qe8 37. b5 Re6 38. bxa6 bxa6 39. Nd5 Qd7 40. Nc3 Kg8
41. Qd5 Qf7 42. Qa8 Re8 43. Qxa6 Qe6 44. Qc6 Qe5 45. Qd5+ Qe6 46. b4 Kf7 47. b5
Qxd5 48. cxd5 Rb8 49. Kb3 Ke8 50. Kc4 Kd7 51. Na4 Kc7 52. Nb2 Kb6 53. Nd3 Kc7
54. Nb4 Rc8 55. Nc6 Kb6 56. Kb4 Rc7 57. Ka4 Rb7 58. Kb4 Rc7 59. Na5 Rb7 60.
Nc4+ {Time forfeit} 1-0

[Event "Rated Blitz game"]
[Site "?"]
[Date "2021.07.14"]
[Round "?"]
[White "Schach_du_Nase"]
[Black "Luzshin"]
[Result "1-0"]
[ECO "C42"]
[WhiteElo "2464"]
[BlackElo "2485"]
[PlyCount "93"]
[EventDate "2021.??.??"]
[EventType "blitz"]
[TimeControl "180"]

1. e4 e5 2. Nf3 Nf6 3. Nxe5 d6 4. Nxf7 Kxf7 5. d4 c5 6. Nc3 cxd4 7. Qxd4 Nc6 8.
Bc4+ Be6 9. Bxe6+ Kxe6 10. Qc4+ Kd7 11. Bg5 Be7 12. O-O-O Kc8 13. e5 Nd7 14.
Bxe7 Qxe7 15. exd6 Qg5+ 16. Kb1 Rd8 17. f4 Qc5 18. Qf7 b6 19. Qxg7 Kb7 20. Qxh7
Qf2 21. g3 Ka6 22. Qd3+ Kb7 23. a3 Nc5 24. Qd5 Rac8 25. b4 Qe3 26. Kb2 Rxd6 27.
Qxd6 Qxc3+ 28. Kxc3 Ne4+ 29. Kb2 Nxd6 30. Rxd6 Rc7 31. Rhd1 Kc8 32. f5 Ne5 33.
Kb3 Rf7 34. Re6 Rxf5 35. Rd4 Nf3 36. Rf4 Rxf4 37. gxf4 Nd4+ 38. Kc4 Nxe6 39. f5
Nf8 40. Kd5 Kd7 41. c4 Nh7 42. c5 Nf6+ 43. Ke5 bxc5 44. bxc5 Ng4+ 45. Kf4 Nxh2
46. f6 Ke6 47. c6 {Time forfeit} 1-0

[Event "Rated Blitz game"]
[Site "?"]
[Date "2021.07.14"]
[Round "?"]
[White "Schach_du_Nase"]
[Black "Shaginyan_A"]
[Result "0-1"]
[ECO "C42"]
[WhiteElo "2474"]
[BlackElo "2504"]
[PlyCount "40"]
[EventDate "2021.??.??"]
[EventType "blitz"]
[TimeControl "180"]

1. e4 e5 2. Nf3 Nf6 3. Nxe5 d6 4. Nxf7 Kxf7 5. d4 c5 6. Nc3 cxd4 7. Qxd4 Nc6 8.
Bc4+ Be6 9. Bxe6+ Kxe6 10. Qc4+ Kd7 11. Bg5 Qa5 12. Bxf6 gxf6 13. O-O-O Be7 14.
f4 Rac8 15. a3 Kc7 16. Qe6 Kb8 17. Nd5 Rhe8 18. Rhe1 Qc5 19. Nxe7 Nd4 20. Rxd4
Qxc2# {Normal} 0-1

[Event "Rated Blitz game"]
[Site "?"]
[Date "2021.07.14"]
[Round "?"]
[White "MarcinPol137"]
[Black "VadikVoronov"]
[Result "1-0"]
[ECO "C42"]
[WhiteElo "2475"]
[BlackElo "2334"]
[PlyCount "113"]
[EventDate "2021.??.??"]
[EventType "blitz"]
[TimeControl "180+2"]

1. e4 e5 2. Nf3 Nf6 3. Nxe5 d6 4. Nxf7 Kxf7 5. d4 g6 6. Bd3 Bg7 7. O-O Re8 8.
Nc3 Kg8 9. f4 Nc6 10. e5 dxe5 11. dxe5 Bg4 12. Qe1 Nd5 13. Ne4 Ncb4 14. Bc4 Kh8
15. Qf2 Bf5 16. Ng5 Rf8 17. Bb3 h6 18. Nf3 c5 19. Rd1 Be6 20. a3 Nc6 21. c4 Na5
22. Ba2 Qb6 23. cxd5 Rad8 24. Be3 Nb3 25. Bxb3 Qxb3 26. Bxc5 Rxf4 27. Be3 Re4
28. Nd4 Qxe3 29. Nxe6 Rc8 30. Nxg7 Kxg7 31. e6 Rc2 32. Qxe3 Rxe3 33. Rd4 Ree2
34. Rg4 Rcd2 35. Rf1 Rxd5 36. Rf7+ Kh8 37. h3 Rxe6 38. Rxb7 Ra5 39. Rd4 Re8 40.
Rdd7 Rf5 41. Rxa7 h5 42. Rh7+ Kg8 43. Rhg7+ Kf8 44. Rxg6 Re2 45. Rb6 Rf7 46.
Rb8+ Kg7 47. Rxf7+ Kxf7 48. Rb6 Ke7 49. Rb5 Rc2 50. b4 Kd6 51. Rxh5 Ra2 52. Ra5
Ke6 53. Kh2 Kf6 54. h4 Kg6 55. Kh3 Kh6 56. Ra6+ Kh5 57. g4# {Normal} 1-0

[Event "Rated Blitz game"]
[Site "?"]
[Date "2021.07.14"]
[Round "?"]
[White "GomezAdams"]
[Black "xxxbot123455"]
[Result "1-0"]
[ECO "C42"]
[WhiteElo "2472"]
[BlackElo "2273"]
[PlyCount "100"]
[EventDate "2021.??.??"]
[EventType "blitz"]
[TimeControl "300+3"]

1. e4 e5 2. Nf3 Nf6 3. Nxe5 d6 4. Nxf7 Kxf7 5. d4 c5 6. dxc5 Nc6 7. Bc4+ Be6 8.
Bxe6+ Kxe6 9. Nc3 Kf7 10. Qe2 Qe8 11. cxd6 Bxd6 12. Bd2 Qe6 13. O-O-O Rhe8 14.
Rhe1 Rad8 15. f4 Bb4 16. f5 Qe5 17. Qc4+ Kf8 18. g3 Qa5 19. a3 Bxc3 20. Bxc3
Rxd1+ 21. Rxd1 Qc7 22. e5 Rxe5 23. Bxe5 Qxe5 24. g4 Qe3+ 25. Kb1 Qf3 26. Rg1
Ne4 27. Qe6 Qe3 28. Rd1 Nd2+ 29. Ka1 Qxe6 30. fxe6 Ne4 31. Rd7 Nc5 32. Rf7+ Kg8
33. b4 Nxe6 34. Rxb7 Ned4 35. c3 Ne2 36. Kb2 Ne5 37. Re7 Nd3+ 38. Kc2 Ndf4 39.
Rxa7 Ng1 40. b5 Nd5 41. c4 Ne3+ 42. Kb3 Nxg4 43. b6 Ne5 44. Rc7 Ngf3 45. b7
Nd4+ 46. Kc3 Ndc6 47. a4 g5 48. a5 g4 49. a6 h5 50. a7 Nxa7 {Normal} 1-0

[Event "Rated Blitz game"]
[Site "?"]
[Date "2021.07.14"]
[Round "?"]
[White "American_Chess_Coach"]
[Black "Konevoyazher"]
[Result "0-1"]
[ECO "C42"]
[WhiteElo "2560"]
[BlackElo "2296"]
[PlyCount "29"]
[EventDate "2021.??.??"]
[EventType "blitz"]
[TimeControl "180"]

1. e4 e5 2. Nf3 Nf6 3. Nxe5 d6 4. Nxf7 Kxf7 5. d4 c5 6. e5 dxe5 7. d5 Bd6 8.
Nc3 Re8 9. Be2 Kg8 10. O-O Kh8 11. Be3 Nbd7 12. f4 exf4 13. Bxf4 Bxf4 14. Rxf4
Ne5 15. Rxf6 {Normal} 0-1

[Event "Rated Blitz game"]
[Site "?"]
[Date "2021.07.14"]
[Round "?"]
[White "piscatorox"]
[Black "distruttore02"]
[Result "1-0"]
[ECO "C42"]
[WhiteElo "2469"]
[BlackElo "2319"]
[PlyCount "39"]
[EventDate "2021.??.??"]
[EventType "blitz"]
[TimeControl "180"]

1. e4 e5 2. Nf3 Nf6 3. Nxe5 d6 4. Nxf7 Kxf7 5. Nc3 g6 6. d4 Kg7 7. f4 Bg4 8.
Be2 Bxe2 9. Qxe2 Nc6 10. d5 Ne7 11. g4 Qd7 12. g5 Nh5 13. Be3 Kg8 14. e5 dxe5
15. fxe5 Nxd5 16. O-O-O Nxc3 17. Qc4+ Qf7 18. e6 Ne2+ 19. Kb1 Qf3 20. Rhf1 {
Normal} 1-0

[Event "Rated Blitz game"]
[Site "?"]
[Date "2021.07.13"]
[Round "?"]
[White "jflup"]
[Black "Upsylon"]
[Result "0-1"]
[ECO "C42"]
[WhiteElo "2556"]
[BlackElo "2595"]
[PlyCount "76"]
[EventDate "2021.??.??"]
[EventType "blitz"]
[TimeControl "180"]

1. e4 e5 2. Nf3 Nf6 3. Nxe5 d6 4. Nxf7 Kxf7 5. d4 Be7 6. Nc3 Re8 7. Bc4+ Kf8 8.
O-O c6 9. Bg5 d5 10. exd5 cxd5 11. Bxf6 dxc4 12. Bxe7+ Qxe7 13. d5 Bf5 14. Qd4
Nd7 15. Qxc4 Bxc2 16. h3 Ne5 17. Qf4+ Qf6 18. Qd2 Bf5 19. Qf4 Bd3 20. Qxf6+
gxf6 21. Rfe1 Nc4 22. b3 Nd6 23. f3 Rxe1+ 24. Rxe1 Re8 25. Rd1 Bc2 26. Rd2 Bg6
27. Kf2 Ke7 28. g4 h6 29. Ke3 Kd7+ 30. Kd4 Re1 31. h4 b6 32. h5 Bh7 33. Ne2 Rf1
34. Ke3 f5 35. Nd4 fxg4 36. fxg4 Be4 37. Ne6 Rf3+ 38. Ke2 Rg3 {Normal} 0-1

[Event "Rated Blitz game"]
[Site "?"]
[Date "2021.07.12"]
[Round "?"]
[White "ukic10"]
[Black "adnansendur"]
[Result "0-1"]
[ECO "C42"]
[WhiteElo "2342"]
[BlackElo "2460"]
[PlyCount "72"]
[EventDate "2021.??.??"]
[EventType "blitz"]
[TimeControl "180"]

1. e4 e5 2. Nf3 Nf6 3. Nxe5 d6 4. Nxf7 Kxf7 5. d4 Qe8 6. f3 c5 7. Bc4+ Be6 8.
d5 Bd7 9. O-O b5 10. Be2 Na6 11. a4 Nc7 12. axb5 Nxb5 13. Bf4 Nh5 14. Be3 g6
15. c4 Nd4 16. Bxd4 cxd4 17. Qxd4 Bg7 18. Qd2 Qe5 19. Nc3 Qd4+ 20. Qxd4 Bxd4+
21. Kh1 Rhb8 22. Rfb1 a6 23. g3 Nf6 24. Nd1 Rb6 25. Ra2 Rab8 26. Kg2 h5 27. Kf1
g5 28. Bd3 Ke7 29. Ke2 h4 30. b4 Rxb4 31. Rxb4 Rxb4 32. Rxa6 hxg3 33. hxg3 Nh5
34. Kd2 Nxg3 35. Ne3 Rb2+ 36. Bc2 Bxe3+ {Normal} 0-1

[Event "Rated Blitz game"]
[Site "?"]
[Date "2021.07.11"]
[Round "?"]
[White "Next_Touch"]
[Black "Parwis"]
[Result "1-0"]
[ECO "C42"]
[WhiteElo "2716"]
[BlackElo "2565"]
[PlyCount "65"]
[EventDate "2021.??.??"]
[EventType "blitz"]
[TimeControl "180"]

1. e4 e5 2. Nf3 Nf6 3. Nxe5 d6 4. Nxf7 Kxf7 5. d4 c5 6. Bc4+ d5 7. exd5 Bd6 8.
dxc5 Bxc5 9. O-O Bd6 10. h3 Re8 11. Nc3 Bf5 12. Nb5 Kg8 13. Nd4 Bg6 14. Bg5
Nbd7 15. c3 Qc7 16. Bb3 Nc5 17. Bxf6 gxf6 18. Nb5 Qd7 19. Nxd6 Qxd6 20. Qf3 Re5
21. c4 Rae8 22. Rad1 Nxb3 23. axb3 a5 24. Qc3 b6 25. Rfe1 Kg7 26. Rxe5 Rxe5 27.
Qg3 Qe7 28. d6 Re1+ 29. Kh2 Qe6 30. Rxe1 Qxe1 31. d7 Qd2 32. Qc7 Qd6+ 33. Qxd6
{Normal} 1-0

[Event "Rated Rapid game"]
[Site "?"]
[Date "2021.07.11"]
[Round "?"]
[White "ewetgenclikk"]
[Black "cassiosop"]
[Result "1-0"]
[ECO "C42"]
[WhiteElo "2268"]
[BlackElo "2444"]
[PlyCount "39"]
[EventDate "2021.??.??"]
[EventType "rapid"]
[TimeControl "600"]

1. e4 e5 2. Nf3 Nf6 3. Nxe5 d6 4. Nxf7 Kxf7 5. Nc3 c5 6. Bc4+ Be6 7. Bxe6+ Kxe6
8. d4 cxd4 9. Qxd4 Nc6 10. Qc4+ d5 11. exd5+ Nxd5 12. O-O Bb4 13. Re1+ Ne5 14.
Bf4 Bxc3 15. bxc3 Rc8 16. Rxe5+ Kf6 17. Qd4 Nxf4 18. Qxf4+ Kg6 19. Qf5+ Kh6 20.
Qh5# {Normal} 1-0

[Event "Rated Blitz game"]
[Site "?"]
[Date "2021.07.10"]
[Round "?"]
[White "RatzFatzWeg"]
[Black "Beletko"]
[Result "1-0"]
[ECO "C42"]
[WhiteElo "2526"]
[BlackElo "2398"]
[PlyCount "67"]
[EventDate "2021.??.??"]
[EventType "blitz"]
[TimeControl "180+2"]

1. e4 e5 2. Nf3 Nf6 3. Nxe5 d6 4. Nxf7 Kxf7 5. Nc3 g6 6. d4 Kg7 7. Bd3 c5 8.
dxc5 Nc6 9. cxd6 Bxd6 10. Bg5 h6 11. Bh4 Rf8 12. Qd2 Be6 13. O-O-O Qa5 14. Kb1
Be5 15. a3 Ng4 16. f3 Ne3 17. Qxe3 Bxc3 18. bxc3 Qxa3 19. c4 b5 20. Qc1 Qb4+
21. Qb2+ Qxb2+ 22. Kxb2 bxc4 23. Be2 g5 24. Bf2 Rab8+ 25. Kc3 Nb4 26. Rd6 Na2+
27. Kd4 Rfd8 28. Bg3 Rxd6+ 29. Bxd6 Rb2 30. Bd1 Rb1 31. h4 a5 32. Ke5 Bf7 33.
hxg5 hxg5 34. Be7 {Time forfeit} 1-0